AoeStats
← FernetRush

Coastal Forest

510451263Analyzed
4v4 RM · 14h ago on Oct 1, 2026· 76m 44s· 8 players
Game mode
Random Map
Map size
Large (8 player)
Population
200
Speed
Normal
Resources
Standard
Victory
Conquest
Starting age
Dark Age
Ending age
Imperial Age
RankedLock teamsTeams togetherTeam positionsShared explorationLock speedFull tech treeHidden civsTurbo modeCheats
Victory
Defeat
🇺🇸 Varangians · United States
1039
+10
🇺🇸 Vietnamese · United States
993
+12
779
+20
🇦🇷 Goths · Argentina
778
+20
🇹🇼 Britons · Taiwan
1027
-21
🇮🇳 Dravidians · India
906
-16
🇦🇷 Cumans · Argentina
822
-13
799
-12
iamlegolas312
0:27 Loom
11:26 Feudal Age
11:59 Double-Bit Axe
12:23 Fishing Lines
15:06 Horse Collar
16:56 Gold Mining
22:47 Castle Age
21:18 Stone Mining
23:12 Fletching
23:22 Padded Archer Armor
23:02 Pikeman
24:48 Gillnets
25:46 Bow Saw
26:42 Medium Warships
26:31 Town Watch
26:50 Heavy Plow
28:04 Wheelbarrow
29:00 Bodkin Arrow
29:20 Leather Archer Armor
29:34 Hand Cart
34:07 Imperial Age
35:27 Heavy Warships
34:32 Elite Elephant Archer
36:04 Conscription
38:15 Bracer
38:46 Ring Archer Armor
39:23 Ring Archer Armor
39:11 Thumb Ring
40:24 Chemistry
41:12 Caravan
41:34 Forging
41:25 Scale Mail Armor
41:43 Scale Mail Armor
43:44 Iron Casting
43:24 Chain Mail Armor
45:29 Blast Furnace
45:35 Murder Holes
53:57 Medical Corps
61:37 Town Patrol
63:03 Plate Mail Armor
63:20 Elite Cannon Galleon
66:32 Elite Skirmisher
68:41 Hoardings
68:21 Clinker Construction
プッシー・デストロイ
5:21 Loom
11:57 Feudal Age
20:49 Castle Age
20:54 Double-Bit Axe
24:18 Wheelbarrow
23:54 Gold Mining
25:12 Stone Mining
27:45 Hand Cart
27:46 Bow Saw
30:48 Gold Shaft Mining
34:17 Imperial Age
34:45 Forging
34:26 Fletching
34:38 Scale Mail Armor
37:36 Bodkin Arrow
38:18 Iron Casting
38:21 Scale Barding Armor
38:32 Chain Mail Armor
38:18 Padded Archer Armor
40:06 Chivalry
40:49 Chain Barding Armor
41:31 Blast Furnace
40:29 Cavalier
41:10 Husbandry
43:50 Town Watch
44:52 Plate Barding Armor
44:48 Plate Mail Armor
45:14 Paladin
48:22 Caravan
57:52 Elite Skirmisher
62:05 Town Patrol
65:16 Leather Archer Armor
67:23 Chemistry
66:44 Ballistics
66:31 Siege Engineers
66:14 Light Cavalry
單細胞
6:54 Loom
10:36 Feudal Age
16:48 Castle Age
21:27 Horse Collar
22:08 Double-Bit Axe
23:12 Bow Saw
23:54 Fletching
25:07 Heavy Plow
27:09 Wheelbarrow
27:17 Gold Mining
27:19 Stone Mining
28:44 Padded Archer Armor
28:40 Bodkin Arrow
30:04 Ballistics
29:25 Treadmill Crane
30:14 Hand Cart
30:08 Crossbowman
31:10 Leather Archer Armor
34:46 Imperial Age
33:00 Gold Shaft Mining
35:11 Yeomen
35:14 Arbalester
35:56 Bracer
36:27 Ring Archer Armor
36:20 Conscription
37:04 Chemistry
37:10 Elite Longbowman
37:52 Town Watch
39:19 Two-Man Saw
38:35 Forging
38:26 Scale Mail Armor
39:41 Warwolf
53:28 Pikeman
54:08 Squires
54:27 Halberdier
63:20 Caravan
63:55 Town Patrol
FernetRush
9:11 Feudal Age
11:03 Horse Collar
11:12 Double-Bit Axe
15:39 Loom
22:00 Castle Age
20:44 Gold Mining
21:23 Bloodlines
23:21 Wheelbarrow
24:56 Bow Saw
26:55 Hand Cart
31:18 Hand Cart
34:47 Imperial Age
33:02 Scale Barding Armor
33:08 Forging
35:30 Cavalier
36:48 Iron Casting
36:34 Chain Barding Armor
36:36 Fletching
36:49 Padded Archer Armor
37:35 Paladin
45:22 Blast Furnace
44:58 Plate Barding Armor
44:59 Conscription
44:41 Steppe Husbandry
45:29 Light Cavalry
46:13 Stone Mining
46:59 Gold Shaft Mining
47:40 Hussar
52:39 Heavy Plow
55:01 Scale Mail Armor
55:16 Leather Archer Armor
54:57 Bodkin Arrow
62:38 Capped Ram
63:11 Capped Ram
64:38 Siege Ram
DigitalTwelve
8:43 Loom
11:07 Feudal Age
11:41 Double-Bit Axe
19:21 Castle Age
17:26 Horse Collar
18:25 Fletching
18:36 Padded Archer Armor
20:08 Bodkin Arrow
20:57 Bow Saw
23:08 Wheelbarrow
22:55 Leather Archer Armor
23:13 Elite Skirmisher
25:16 Hand Cart
28:00 Squires
27:46 Arson
27:21 Pikeman
28:09 Thumb Ring
34:15 Imperial Age
32:08 Heavy Plow
32:22 Forging
32:13 Scale Mail Armor
32:40 Town Watch
33:22 Ballistics
33:14 Fortified Wall
33:33 Chatras
34:20 Imperial Skirmisher
36:22 Chemistry
36:03 Bracer
36:34 Ring Archer Armor
37:44 Two-Man Saw
37:27 Paper Money
38:23 Ring Archer Armor
38:30 Iron Casting
39:08 Halberdier
40:26 Chain Mail Armor
51:06 Plate Mail Armor
52:40 Scale Barding Armor
63:33 Elite Battle Elephant
64:14 Husbandry
67:20 Bloodlines
68:55 Chain Barding Armor
70:39 Plate Barding Armor
70:32 Caravan
DigitalSixteen
7:05 Loom
9:36 Feudal Age
11:17 Double-Bit Axe
12:54 Bloodlines
21:22 Castle Age
19:38 Horse Collar
19:49 Gold Mining
21:24 Wheelbarrow
21:33 Scale Mail Armor
21:44 Forging
23:09 Light Cavalry
24:24 Bow Saw
25:35 Squires
26:02 Chain Mail Armor
26:23 Iron Casting
28:36 Fishing Lines
29:07 Gambesons
35:06 Hand Cart
35:15 Arson
36:32 Heavy Plow
36:23 Stone Mining
36:37 Caravan
39:37 Imperial Age
36:53 Town Watch
40:36 Stone Shaft Mining
39:48 Elite Varangian Guard
41:01 Plate Mail Armor
41:31 Blast Furnace
40:55 Fletching
42:22 Chemistry
41:03 Treadmill Crane
41:33 Masonry
41:22 Gothikon
42:23 Conscription
44:40 Bodkin Arrow
44:52 Town Patrol
46:10 Two-Man Saw
45:41 Crop Rotation
45:20 Bracer
45:21 Padded Archer Armor
48:43 Siege Engineers
49:04 Pikeman
51:59 Husbandry
51:19 Hussar
54:25 Fortified Wall
56:18 Architecture
63:29 Cavalier
66:29 Ballistics
67:59 Gillnets
76:52 Murder Holes
76:48 Heated Shot
76:49 Guard Tower
ME BANEARON EN EL LOL
7:54 Loom
12:18 Feudal Age
17:32 Castle Age
16:24 Fishing Lines
17:02 Gold Mining
17:03 Double-Bit Axe
25:59 Imperial Age
26:14 Elite Caravel
27:13 Clinker Construction
27:15 Careening
36:19 Dry Dock
36:20 Carvel Hull
37:06 Chemistry
36:27 Ballistics
38:42 Wheelbarrow
53:10 Cavalier
53:50 Husbandry
53:12 Light Cavalry
54:02 Bloodlines
54:33 Bombard Tower
55:30 Hand Cart
56:20 Town Watch
71:59 Caravan
[Weed_arG] Corrix
12:41 Feudal Age
13:19 Loom
17:08 Horse Collar
17:16 Double-Bit Axe
17:37 Fishing Lines
20:11 Castle Age
21:37 Wheelbarrow
20:47 Town Watch
21:03 Heavy Plow
21:08 Squires
21:40 Bow Saw
21:41 Gold Mining
21:42 Stone Mining
22:29 Gillnets
24:40 Medium Warships
24:33 Fletching
24:43 Padded Archer Armor
27:56 Hand Cart
32:06 Ballistics
31:44 Bodkin Arrow
32:00 Forging
31:50 Scale Mail Armor
38:09 Imperial Age
35:58 Anarchy
38:00 Scale Mail Armor
38:32 Pikeman
39:58 Conscription
39:39 Perfusion
39:03 Elite Huskarl
40:21 Iron Casting
40:01 Chain Mail Armor
40:22 Iron Casting
40:02 Chain Mail Armor
39:32 Halberdier
43:29 Blast Furnace
42:44 Chain Mail Armor
45:52 Chemistry
44:33 Treadmill Crane
45:55 Chain Mail Armor
46:49 Clinker Construction
46:50 Careening
47:13 Heavy Warships
49:32 Carvel Hull
54:43 Bracer
54:43 Padded Archer Armor
77:14 Leather Archer Armor
77:05 Scale Barding Armor
Connection lost

Rejoining the realm…

Still unreachable

The connection could not be restored.

Session expired

The server has moved on; the page needs a fresh start.